 Dungeon Sprint DCSS version 0.28-a0-425-gd0eccab798 (webtiles) character file.

Game seed: 11028584128109601603

12880 Zeld the Warrior (level 11, -2/126 HPs)
             Began as a Minotaur Berserker on Sept 9, 2021.
             Was the Champion of Trog.
             Slain by a 12-headed hydra (11 damage)
             ... while paralysed by a floating eye
             ... in the Dungeon (Sprint I: "Red Sonja").
             The game lasted 00:10:24 (5320 turns).

Zeld the Warrior (Minotaur Berserker)               Turns: 5320, Time: 00:10:25

Health: -2/126     AC: 18    Str: 21    XL:     11   Next: 68%
Magic:  8/8        EV:  2    Int:  0    God:    Trog [******]
Gold:   4          SH:  0    Dex:  6    Spells: 10/10 levels left

rFire   . . .      SeeInvis .   a - +2 executioner's axe (flame)
rCold   . . .      Faith    .   (shield currently unavailable)
rNeg    . . .      Spirit   .   p - +2 ring mail {rPois}
rPois   +          Reflect  .   (helmet restricted)
rElec   .          Harm     .   q - +2 cloak
rCorr   .          Rampage  +   l - +0 pair of gloves
Will    ++...      NoTele   +   o - +1 pair of boots {rampage}
Stlth   ..........              (no amulet)
HPRegen 1.00/turn               (no ring)
MPRegen 0.11/turn               (no ring)

@: paralysed, strong-willed, regenerating, slowed, lost intelligence, unable to
read
A: horns 2, retaliatory headbutt, clumsy 2, deterioration 1, dopey 2, low mp 1,
inhibited regeneration, weak 2, subdued magic 2, inability to read while
threatened
a: Renounce Religion, Berserk, Trog's Hand, Brothers in Arms


You were in the Dungeon.
You worshipped Trog.
Trog was exalted by your worship.
You visited 1 branch You collected 1384 gold pieces.
You spent 1380 gold pieces at shops.

Inventory:

Hand Weapons
 a - a +2 executioner's axe of flaming (weapon)
Armour
 l - a +0 pair of gloves (worn)
 o - a +1 pair of boots of rampaging (worn)
 p - a +2 ring mail of poison resistance (worn)
 q - a +2 cloak (worn)
Wands
 c - a wand of iceblast (7)
Scrolls
 b - a scroll of enchant armour {unknown}
 d - a scroll of summoning
 h - 3 scrolls of blinking
 i - a scroll of brand weapon {unknown}
 j - 4 scrolls of identify
 m - a scroll of enchant weapon
 n - a scroll of magic mapping {unknown}
Potions
 e - a potion of haste
 f - 2 potions of magic
 g - a potion of berserk rage
 k - a potion of mutation {unknown}
 r - 2 potions of heal wounds
 s - a potion of might


   Skills:
 * Level 20.9 Fighting
 + Level 14.9 Axes
 + Level 15.6 Armour
 + Level 14.4 Dodging


You had 10 spell levels left.
You didn't know any spells.
Your spell library was empty.

Dungeon Overview and Level Annotations

Branches:
Dungeon (1/1)

Altars:
Cheibriados
Dithmenos
Elyvilon
Fedhas
Gozag
Hepliaklqana
Kikubaaqudgha
Makhleb
Nemelex Xobeh
Okawaru
Qazlal
Ru
Sif Muna
Trog
Uskayaw
Vehumet
Wu Jian
Xom
Yredelemnul
Zin
The Shining One
Jiyva
Lugonu

Shops:
D (:([(*??=[[[[!***[![(


Innate Abilities, Weirdness & Mutations

You have a pair of horns on your head.
You reflexively headbutt those who attack you in melee.
You are very clumsy. (Dex -4)
Your body sometimes deteriorates upon taking damage.
You are very dopey. (Int -4)
Your magical capacity is low. (-10% MP)
You do not regenerate when monsters are visible.
You are very weak. (Str -4)
Your spells are easier to cast, but less powerful.
You sometimes lose the ability to read scrolls when taking damage.


Message History

Found 27 gold pieces.
Unknown command.
Unknown command.
You cannot read scrolls in your current state!
Found 27 gold pieces.
Your skin crawls.
You feel strong-willed. The 12-headed hydra closely misses you.
You furiously retaliate!
You headbutt the 12-headed hydra. The 12-headed hydra barely misses you.
The 12-headed hydra misses you. The 12-headed hydra barely misses you.
The 12-headed hydra closely misses you. The 12-headed hydra barely misses you.
The 12-headed hydra bites you. The 12-headed hydra misses you.
The 12-headed hydra bites you but does no damage. x2
The 12-headed hydra closely misses you. The 12-headed hydra bites you.
The floating eye gazes piercingly through you!
You suddenly lose the ability to move!
The 12-headed hydra bites you but does no damage.
The 12-headed hydra bites you! The 12-headed hydra bites you.
The 12-headed hydra bites you but does no damage.
The 12-headed hydra bites you.
The 12-headed hydra bites you but does no damage. x2
The 12-headed hydra bites you.
The 12-headed hydra bites you but does no damage.
The 12-headed hydra bites you! The 12-headed hydra bites you.
The 12-headed hydra bites you but does no damage.
The 12-headed hydra bites you but does no damage. x2
The 12-headed hydra completely misses you.
The 12-headed hydra bites you!
* * * LOW HITPOINT WARNING * * *
The 12-headed hydra barely misses you. x2; The 12-headed hydra bites you.
* * * LOW HITPOINT WARNING * * *
The 12-headed hydra bites you but does no damage.
The 12-headed hydra bites you!
* * * LOW HITPOINT WARNING * * *
The 12-headed hydra bites you!
* * * LOW HITPOINT WARNING * * *
The 12-headed hydra bites you but does no damage. x2
The 12-headed hydra bites you but does no damage.
The 12-headed hydra bites you!
You die...

######################
)..#..#.§§§§§§§§@DG.$#
...##'#.####§§§§§##$.+
...'§.#.# ##.§§## ##
####..'.# ###+#
.§##+#### #.# .§#°..
#..###$# ..#..○○
##.#A#$# #'###°○°
.###$# #)'.#°..#
##..$#


You could see a 12-headed hydra and a floating eye.

Vanquished Creatures
  2 centaur warriors (D)
  A deep troll (D)
  A lindwurm (D)
  An oklob plant (D)
  8 shining eyes (D)
  An unseen horror (D)
  A gargoyle (D)
  2 kobold demonologists (D)
  A hornet (D)
  A slime creature (D)
  Sigmund (D)
  A yak (D)
  2 redbacks (D)
  13 hogs (D)
  6 floating eyes (D)
  6 necrophages (D)
  An ogre (D)
  8 jellies (D)
  Ijyb (D)
58 creatures vanquished.

Vanquished Creatures (collateral kills)
  Sonja (D)
  An unseen horror (D)
  4 demonic crawlers (D)
  A necrophage (D)
7 creatures vanquished.

Vanquished Creatures (others)
  A gargoyle (D)
  2 ballistomycete spores (D)
3 creatures vanquished.

Grand Total: 68 creatures vanquished

Notes
Turn   | Place    | Note
-------+----------+-------------------------------------------
     0 | D        | Zeld the Minotaur Berserker began the quest for the Orb.
     0 | D        | Reached XP level 1. HP: 19/19 MP: 0/0
     2 | D        | Noticed Ijyb
    10 | D        | Killed Ijyb
    11 | D        | Reached skill level 5 in Fighting
    11 | D        | Reached skill level 5 in Axes
    11 | D        | Reached XP level 2. HP: 29/29 MP: 1/1
    88 | D        | Noticed an ogre
    92 | D        | Killed an ogre
    93 | D        | Reached skill level 7 in Fighting
    93 | D        | Reached skill level 5 in Armour
    93 | D        | Reached XP level 3. HP: 39/39 MP: 2/2
    93 | D        | Reached XP level 4. HP: 47/47 MP: 3/3
   183 | D        | Noticed Sigmund
   192 | D        | Killed Sigmund
   192 | D        | Reached ** piety under Trog
   193 | D        | Reached skill level 9 in Fighting
   193 | D        | Reached skill level 5 in Dodging
   193 | D        | Reached XP level 5. HP: 31/57 MP: 4/4
   300 | D        | Found an ornate altar of the Wu Jian Council.
   300 | D        | Found a shimmering blue altar of Sif Muna.
   329 | D        | Found a radiant altar of Vehumet.
   333 | D        | Reached XP level 6. HP: 62/64 MP: 5/5
   359 | D        | Found Myzugoo's Antique Armour Emporium.
   359 | D        | Found an ancient bone altar of Kikubaaqudgha.
   359 | D        | Found a hazy altar of Hepliaklqana.
   359 | D        | Found a hide-covered altar of Uskayaw.
   359 | D        | Found a basalt altar of Yredelemnul.
   359 | D        | Found an opulent altar of Gozag.
   359 | D        | Found a snail-covered altar of Cheibriados.
   359 | D        | Found a sacrificial altar of Ru.
   359 | D        | Found a shadowy altar of Dithmenos.
   359 | D        | Noticed a yak
   367 | D        | Found a stormy altar of Qazlal.
   367 | D        | Found a blossoming altar of Fedhas.
   367 | D        | Found a bloodstained altar of Trog.
   367 | D        | Found an iron altar of Okawaru.
   367 | D        | Found a glowing golden altar of the Shining One.
   367 | D        | Found a glowing silver altar of Zin.
   367 | D        | Found a white marble altar of Elyvilon.
   374 | D        | Killed a yak
   375 | D        | Reached skill level 10 in Fighting
   375 | D        | Reached skill level 10 in Axes
   377 | D        | Found a sparkling altar of Nemelex Xobeh.
   508 | D        | Bought a pair of boots for 103 gold pieces
   508 | D        | Bought a pair of gloves for 103 gold pieces
   634 | D        | Found a burning altar of Makhleb.
   634 | D        | Found a shimmering altar of Xom.
   634 | D        | Noticed a slime creature
   635 | D        | Found a viscous altar of Jiyva.
   635 | D        | Found a corrupted altar of Lugonu.
   641 | D        | Killed a slime creature
   641 | D        | Reached *** piety under Trog
   642 | D        | Reached skill level 11 in Fighting
   642 | D        | Reached XP level 7. HP: 54/74 MP: 6/6
   853 | D        | Noticed a kobold demonologist
   853 | D        | Noticed a kobold demonologist
   854 | D        | Noticed a sixfirhy
   863 | D        | Noticed a ynoxinul
   864 | D        | Killed a kobold demonologist
   865 | D        | Reached skill level 12 in Fighting
   870 | D        | Noticed an ice devil
   875 | D        | Killed a kobold demonologist
   875 | D        | Reached **** piety under Trog
   876 | D        | Reached XP level 8. HP: 12/85 MP: 7/7
   906 | D        | Killed a gargoyle
  1207 | D        | Noticed a demonic crawler
  1207 | D        | Noticed a demonic crawler
  1207 | D        | Noticed a demonic crawler
  1207 | D        | Noticed a demonic crawler
  1215 | D        | Killed a demonic crawler
  1216 | D        | Reached skill level 13 in Fighting
  1219 | D        | Killed a demonic crawler
  1224 | D        | Killed a demonic crawler
  1225 | D        | Reached skill level 10 in Armour
  1228 | D        | Killed a demonic crawler
  1229 | D        | Reached skill level 14 in Fighting
  1229 | D        | Reached XP level 9. HP: 77/96 MP: 8/8
  1316 | D        | Noticed a lindwurm
  1329 | D        | Killed a lindwurm
  1330 | D        | Reached skill level 15 in Fighting
  1330 | D        | Reached skill level 10 in Dodging
  1577 | D        | Reached ***** piety under Trog
  1606 | D        | Received a gift from Trog
  1610 | D        | Reached skill level 16 in Fighting
  1630 | D        | Reached XP level 10. HP: 88/108 MP: 9/9
  1643 | D        | Reached skill level 17 in Fighting
  1774 | D        | Noticed a daeva
  2096 | D        | Noticed a gargoyle
  2107 | D        | Killed a gargoyle
  2432 | D        | Noticed Sonja
  2447 | D        | Killed Sonja
  2817 | D        | Noticed a deep troll
  2828 | D        | Killed a deep troll
  2829 | D        | Reached skill level 18 in Fighting
  2894 | D        | Found Lantos's Armour Emporium.
  2967 | D        | Bought a +1 pair of boots of rampaging for 198 gold pieces
  2967 | D        | Bought a +2 ring mail of poison resistance for 216 gold
                  | pieces
  2967 | D        | Bought a +2 cloak for 198 gold pieces
  3073 | D        | Found Pemon's Weapon Boutique.
  3083 | D        | Noticed a shining eye
  3083 | D        | Noticed a shining eye
  3083 | D        | Noticed a shining eye
  3083 | D        | Noticed a shining eye
  3083 | D        | Noticed a shining eye
  3083 | D        | Noticed a shining eye
  3083 | D        | Gained mutation: Your body sometimes deteriorates upon
                  | taking damage. [a shining eye]
  3083 | D        | Gained mutation: Your spells are a little easier to cast,
                  | but a little less powerful. [a shining eye]
  3086 | D        | Reached ****** piety under Trog
  3089 | D        | Paralysed by a floating eye for 4 turns
  3091 | D        | Gained mutation: You are weak. (Str -2) [a shining eye]
  3097 | D        | Killed a shining eye
  3097 | D        | Received a gift from Trog
  3101 | D        | Gained mutation: You are dopey. (Int -2) [a shining eye]
  3104 | D        | Gained mutation: You are clumsy. (Dex -2) [a shining eye]
  3108 | D        | Killed a shining eye
  3111 | D        | Killed a shining eye
  3113 | D        | Killed a shining eye
  3113 | D        | Gained mutation: You do not regenerate when monsters are
                  | visible. [a shining eye]
  3114 | D        | Reached skill level 19 in Fighting
  3118 | D        | Lost intelligence.
  3118 | D        | Gained mutation: You are very dopey. (Int -4) [a shining
                  | eye]
  3119 | D        | Gained mutation: You are robust. (+10% HP) [a shining eye]
  3121 | D        | Killed a shining eye
  3122 | D        | Reached XP level 11. HP: 123/135 MP: 10/10
  3127 | D        | Killed a shining eye
  3129 | D        | Noticed a shining eye
  3129 | D        | Noticed a shining eye
  3129 | D        | Paralysed by a floating eye for 4 turns
  3129 | D        | Gained mutation: You are very clumsy. (Dex -4) [a shining
                  | eye]
  3130 | D        | Gained mutation: Your spells are easier to cast, but less
                  | powerful. [a shining eye]
  3134 | D        | Received a gift from Trog
  3136 | D        | Gained mutation: You sometimes lose the ability to read
                  | scrolls when taking damage. [a shining eye]
  3136 | D        | Gained mutation: You are very weak. (Str -4) [a shining
                  | eye]
  3142 | D        | Lost mutation: You are robust. (+10% HP) [a shining eye]
  3146 | D        | Killed a shining eye
  3149 | D        | Gained mutation: Your magical capacity is low. (-10% MP) [a
                  | shining eye]
  3151 | D        | Killed a shining eye
  3473 | D        | Found Fuodghau's Book Shoppe.
  3473 | D        | Found Xutudwep's Weapon Shop.
  3473 | D        | Found Usibun's Weapon Emporium.
  3473 | D        | Found Bitozxaw's General Store.
  3488 | D        | Bought a scroll of blinking for 75 gold pieces
  3488 | D        | Bought a scroll of identify for 20 gold pieces
  3766 | D        | Noticed a centaur warrior
  3767 | D        | Noticed a centaur warrior
  3770 | D        | Killed a centaur warrior
  3771 | D        | Reached skill level 20 in Fighting
  3771 | D        | Killed a centaur warrior
  3772 | D        | Reached skill level 15 in Armour
  4076 | D        | Noticed an oklob plant
  4080 | D        | Killed an oklob plant
  4205 | D        | Received a gift from Trog
  4560 | D        | Received a gift from Trog
  4596 | D        | Received a gift from Trog
  4635 | D        | Identified the +2 chain mail of Leapfrog {-Cast +Blink
                  | Regen+ rCorr}
  4724 | D        | Found Noalitee's Magic Scroll Shoppe.
  4724 | D        | Found Cech's Magic Scroll Shop.
  4724 | D        | Found Ylokh's Jewellery Boutique.
  4726 | D        | Found Jurak's Antique Armour Emporium.
  4726 | D        | Found Huotz's Armour Shop.
  4726 | D        | Found Eciemm's Armour Shoppe.
  4726 | D        | Found Nobih's Armour Boutique.
  4726 | D        | Found Futenin's Distillery.
  4726 | D        | Found Fuwumytu's General Store.
  4726 | D        | Found Igau's Assorted Antiques.
  4727 | D        | Bought a scroll of summoning for 123 gold pieces
  4727 | D        | Bought a scroll of blinking for 97 gold pieces
  4727 | D        | Bought a scroll of enchant weapon for 97 gold pieces
  4728 | D        | Found Bumowyap's Assorted Antiques.
  4729 | D        | Found Carheupt's Distillery.
  4729 | D        | Found Waweath's Antique Armour Boutique.
  4730 | D        | Found Pitod's Antique Weapon Emporium.
  4733 | D        | Bought a potion of heal wounds for 60 gold pieces
  4734 | D        | Bought a potion of heal wounds for 50 gold pieces
  4734 | D        | Bought a potion of might for 40 gold pieces
  5316 | D        | Noticed a 12-headed hydra
  5318 | D        | Paralysed by a floating eye for 4 turns
  5320 | D        | Slain by a 12-headed hydra

Illustrated notes

Levels and vault maps discovered:
D:        dungeon_sprint_1 [red_sonja_temple_1, red_sonja_temple_small_1]

Skill      XL: |  1  2  3  4  5  6  7  8  9 10 11 |
---------------+----------------------------------+-----
Fighting       | 5 7 9 11 12 14 16 19 20 | 20.9
Axes           | 5 7 9 11 12 14 | 14.9
Armour         | 3 5 6 8 9 10 12 14 15 | 15.6
Dodging        | 3 4 5 6 7 8 9 11 13 14 | 14.4

Action                   |  1- 3 |  4- 6 |  7- 9 | 10-12 || total
-------------------------+-------+-------+-------+-------++-------
Melee: Hand axe          |     9 |    28 |   101 |    94 ||   232
       Headbutt          |     4 |     3 |    23 |    37 ||    67
       Executioner's axe |       |       |       |    48 ||    48
Invok: Berserk           |     2 |     1 |     2 |     4 ||     9
       Brothers in Arms  |       |       |     1 |     2 ||     3
       Trog's Hand       |       |       |       |     2 ||     2
  Use: Potion            |       |       |       |     7 ||     7
 Stab: Distracted        |       |       |     1 |       ||     1
Armor: Animal skin       |       |     1 |       |       ||     1
       Chain mail        |       |     1 |    38 |    22 ||    61
       Ring mail         |       |       |       |   120 ||   120
Dodge: Dodged            |     2 |    10 |    40 |    89 ||   141

Table legend: (Time is in decaauts)
 A = Elapsed time spent in this place.
 B = Non-inter-level travel time spent in this place.
 C = Inter-level travel time spent in this place.
 D = Time resting spent in this place.
 E = Time spent auto-exploring this place.
 F = Levels seen in this place.
 G = Mean time per level.
                   A        B        C        D        E       F      G
               +--------+--------+--------+--------+--------+-----+--------+
         Total |   6421 |   6306 |    115 |   5382 |     66 |   1 | 6421.0 |
       Dungeon |   6421 |   6306 |    115 |   5382 |     66 |   1 | 6421.0 |
               +--------+--------+--------+--------+--------+-----+--------+

Top non-repeatable levels by time:
       D: 6421 daAuts
